 Dungeon Crawl Stone Soup version 0.31-a0-265-gcf7e37af1d (webtiles) character file.

Game seed: 16336950893062451692

165 qw the Shooter (level 5, -7/31 HPs)
             Began as a Gargoyle Hexslinger on July 13, 2023.
             Was an Initiate of Okawaru.
             Killed by divine providence
             ... invoked by an orc priest
              (15 damage)
             ... on level 4 of the Dungeon.
             The game lasted 00:00:58 (2536 turns).

qw the Shooter (Gargoyle Hexslinger)                Turns: 2536, Time: 00:00:59

Health: -7/31      AC:  7    Str: 12    XL:     5   Next: 46%
Magic:  6/6        EV: 11    Int: 13    God:    Okawaru [......]
Gold:   168        SH:  0    Dex: 14    Spells: 5/6 levels left

rFire   . . .        Y - +1 sling
rCold   + . .        (no shield)
rNeg    + . .        k - +0 leather armour
rPois   inf          (no helmet)
rElec   +            (no cloak)
rCorr   .            (no gloves)
SInv    .            (no boots)
Will    .....        (no amulet)
Stlth   +            i - ring of protection from cold
HPRegen 0.25/turn    (no ring)
MPRegen 0.10/turn

%: no passive effects
@: no status effects
A: sickness immunity, AC +4, negative energy resistance 1, electricity
resistance, torment resistance 1, petrification resistance
a: Renounce Religion


You were on level 4 of the Dungeon.
You worshipped Okawaru.
Okawaru was noncommittal.
You visited 2 branches of the dungeon, and saw 5 of its levels.

You collected 168 gold pieces.


Innate Abilities, Weirdness & Mutations

You are immune to sickness and miasma.
Your stone body is resilient. (AC +4)
You are immune to poison.
You resist negative energy. (rN+)
You are resistant to electric shocks. (rElec)
You are resistant to unholy torment.
You are immune to petrification.


   Skills:
 + Level 2.5 Fighting
 - Level 5.0 Ranged Weapons
 - Level 1.5 Dodging
 - Level 1.0 Spellcasting
 - Level 2.6 Hexes


You had 5 spell levels left.
You knew the following spells:

 Your Spells              Type           Power      Damage    Failure   Level
a - Slow                  Hex            28%        N/A       12%         1

Your spell library contained the following spells:

 Spells                   Type           Power      Damage    Failure   Level
 Inner Flame              Hex/Fire       4%         N/A       52%         3
 Portal Projectile        Hex/Tloc       8%         N/A       52%         3
 Cause Fear               Hex            3%         N/A       75%         4

Inventory:

Hand Weapons
 Y - a +1 sling (weapon)
Armour
 d - a +0 helmet
 e - a +0 ring mail
 j - a +4 ring mail
 k - a +0 leather armour (worn)
Jewellery
 i - a ring of protection from cold (left hand)
Scrolls
 f - a scroll of identify
 h - a scroll of silence {unknown}
Potions
 a - a potion of haste
 b - a potion of might
 c - a potion of ambrosia {unknown}
 g - a potion of degeneration {unknown}

Dungeon Overview and Level Annotations

Branches:
Dungeon (4/15)             Temple (1/1) D:4

Altars:
Ashenzari
Cheibriados
Dithmenos
Elyvilon
Gozag
Kikubaaqudgha
Nemelex Xobeh
Okawaru
Qazlal
Ru
Sif Muna
Uskayaw
Vehumet
Wu Jian
Xom
Yredelemnul
Zin
The Shining One

Shops:
D:4 [


Message History

The orc wizard hits you with a +0 dagger.
You shoot a sling bullet. The sling bullet hits the orc wizard.
The orc wizard is almost dead.
The orc wizard misses you.
The orc priest hits you but does no damage.
You shoot a sling bullet.
The sling bullet closely misses the orc wizard.
The orc wizard barely misses you.
The orc priest hits you but does no damage. x2
The orc wizard hits you with a +0 dagger.
You shoot a sling bullet.
The sling bullet hits the orc wizard but does no damage.
The orc wizard is almost dead.
The orc wizard points at you and mumbles some strange words.
The magic dart hits you. The orc priest hits you with a +0 club.
You shoot a sling bullet. The sling bullet hits the orc wizard!
You kill the orc wizard!
Okawaru accepts your kill.
The orc priest hits you but does no damage.
You shoot a sling bullet. The sling bullet hits the orc priest!
The orc priest is heavily wounded.
The orc priest hits you with a +0 club.
You shoot a sling bullet. The sling bullet hits the orc priest.
The orc priest is severely wounded.
The orc priest hits you with a +0 club.
You shoot a sling bullet.
The sling bullet hits the orc priest but does no damage.
The orc priest is severely wounded.
The orc priest mumbles some strange prayers to Beogh against you.
Pain shoots through your body!
You shoot a sling bullet.
The sling bullet barely misses the orc priest.
The orc priest looks satisfied for a moment.
The orc priest closely misses you.
You shoot a sling bullet.
The sling bullet hits the orc priest but does no damage.
The orc priest is severely wounded.
The orc priest mumbles some strange prayers to Beogh against you.
Beogh smites you!
You die...

### ..# #.# #.# #
#.############ ...##
#.............
......#####..###########
#.)@).......# ##.
##o.####.##.######.)
#..# #\........... #..#
####.######.. #..# #.#
##. #..# #.. ## #.##
#### # #. # #


You could see an orc priest.

Vanquished Creatures
  An orc priest (D:4)
  2 orc wizards (D:4)
  2 adders (D:3)
  An adder skeleton (D:3)
  2 worms
  2 dart slugs
  7 orcs
  3 bats
  3 endoplasms (D:1)
  4 giant cockroaches (D:1)
  2 goblins
  3 hobgoblins
  2 jackals (D:1)
  3 kobolds
  A quokka (D:3)
  5 ball pythons
  A ball python zombie (D:3)
  8 rats
52 creatures vanquished.

Notes
Turn   | Place    | Note
-------+----------+-------------------------------------------
     0 | D:1      | qw the Gargoyle Hexslinger began the quest for the Orb.
     0 | D:1      | Reached XP level 1. HP: 12/12 MP: 2/2
     0 | D:1      | 0 ||| qw: Version: 0.3-a-52-g30416fa
     0 | D:1      | 0 ||| qw: Game counter: 7636
     0 | D:1      | 0 ||| qw: Melee chars always use a shield: true
     0 | D:1      | 0 ||| qw: God list: Okawaru
     0 | D:1      | 0 ||| qw: Allow faded altars: false
     0 | D:1      | 0 ||| qw: Do Orc after clearing Dungeon:15 true
     0 | D:1      | 0 ||| qw: Do second Lair branch before Depths: true
     0 | D:1      | 0 ||| qw: Lair rune preference: random
     0 | D:1      | 0 ||| qw: Goals: Normal
     0 | D:1      | 0 ||| PLANNING D:1-11
    92 | D:1      | Reached XP level 2. HP: 15/16 MP: 3/3
   247 | D:1      | Reached skill level 3 in Ranged Weapons
   678 | D:1      | Reached XP level 3. HP: 21/21 MP: 4/4
   857 | D:1      | 857 ||| UPGRADING to +0 leather armour.
   867 | D:1      | 867 ||| DROPPING +0 robe.
   868 | D:1      | 868 ||| UPGRADING to ring of protection from cold.
   869 | D:1      | 869 ||| READING scroll labelled IRORER JARAF.
   870 | D:1      | 870 ||| READING scroll labelled ARROLIAFUNG.
   871 | D:1      | 871 ||| READING 3 scrolls labelled SINNOI SEIDDEI.
   872 | D:1      | 872 ||| READING scroll labelled GEENNUM HIMUHIRCH.
   873 | D:1      | 873 ||| READING scroll labelled FYNKEL ASOYHI.
   874 | D:1      | 874 ||| READING scroll labelled FUHIELAXOTOWN.
   875 | D:1      | 875 ||| READING 2 scrolls of identify.
   875 | D:1      | 875 ||| IDENTIFYING murky golden potion
   876 | D:1      | 876 ||| DROPPING scroll of poison.
   877 | D:1      | 877 ||| DROPPING potion of attraction.
  1467 | D:2      | 1467 ||| READING scroll labelled XAONLO MUERYCK.
  1468 | D:2      | 1468 ||| READING 3 scrolls of identify.
  1468 | D:2      | 1468 ||| IDENTIFYING smoky green potion
  1592 | D:3      | Reached XP level 4. HP: 22/26 MP: 5/5
  1748 | D:3      | Reached skill level 4 in Ranged Weapons
  2158 | D:3      | 2158 ||| READING scroll labelled JITODY FACH.
  2162 | D:3      | 2162 ||| READING scroll labelled TEP GUEQUS.
  2163 | D:3      | 2163 ||| READING 2 scrolls of identify.
  2163 | D:3      | 2163 ||| IDENTIFYING lumpy ruby potion
  2188 | D:4      | Found a staircase to the Ecumenical Temple.
  2189 | D:4      | 2189 ||| PLANNING TEMPLE
  2189 | D:4      | 2189 ||| STAIRDANCE
  2199 | Temple   | Entered the Ecumenical Temple
  2200 | Temple   | 2200 ||| PLANNING OKAWARU WORSHIP
  2206 | Temple   | Became a worshipper of Warmaster Okawaru
  2207 | Temple   | 2207 ||| PLANNING D:1-11
  2371 | D:4      | Reached XP level 5. HP: 30/30 MP: 6/6
  2393 | D:4      | Found Ovisiesk's Antique Armour Shoppe.
  2401 | D:4      | 2401 ||| SHOPLISTING jet-encrusted ring mail (234 gold,
                  | have 168).
  2424 | D:4      | Reached skill level 5 in Ranged Weapons
  2447 | D:4      | 2447 ||| FLEEEEING.
  2534 | D:4      | HP: 7/31 [orc priest/nerve-wracking pain (5)]
  2536 | D:4      | Killed from afar by an orc priest

Levels and vault maps discovered:
D:1:      minmay_arrival_diagonal_passages, layout_basic, minmay_quantized
D:2:      layout_loops_ring
D:3:      layout_basic, serial_undead, serial_undead_b, serial_undead_d,
          serial_undead_e, serial_undead_f, minmay_misc_feat_tower
D:4:      layout_loops_ring, temple_fountains, serial_shops, shop, uniq_menkaure
Temple:   nicolae_temple_no_exploring_needed

Skill      XL: |  1  2  3  4  5 |
---------------+----------------+-----
Ranged Weapons | 3 4 5 |  5.0
Fighting       | 2 |  2.5
Dodging        | |  1.5
Spellcasting   | |  1.0
Hexes          | |  2.6

Action                     |  1- 3 |  4- 6 || total
---------------------------+-------+-------++-------
   Fire: Sling             |   109 |   108 ||   217
    Use: Scroll            |     9 |     3 ||    12
 Armour: Robe              |    16 |       ||    16
         Leather armour    |    12 |    28 ||    40
  Dodge: Dodged            |    38 |    25 ||    63

Table legend:
 A = Non-vault XP
 B = Vault XP
 C = Vault XP percentage of total XP
 D = Non-vault monster count
 E = Vault monster count
 F = Vault count percentage of total count
                 A         B        C        D         E       F
            +---------+---------+-------+---------+---------+-------
      Total |     228 |       8 |   3.4 |      49 |       3 |   5.8
            +---------+---------+-------+---------+---------+-------
        D:1 |      36 |       2 |   5.3 |      20 |       1 |   4.8
        D:2 |      16 |       0 |   0.0 |       8 |       0 |   0.0
        D:3 |      48 |       6 |  11.1 |      11 |       2 |  15.4
        D:4 |     128 |       0 |   0.0 |      10 |       0 |   0.0
            +---------+---------+-------+---------+---------+-------
